 Dungeon Sprint DCSS version 0.31-a0-192-ga50d7bf3bb (webtiles) character file.

Game seed: 14037635607987891610

7120 Conn the Scorcher (level 11, -10/67 HPs)
             Began as an Octopode Fire Elementalist on June 22, 2023.
             Was a High Priest of Sif Muna.
             Killed from afar by a crystal guardian (23 damage)
             ... with a crystal bolt
             ... in the Dungeon (Sprint II: "The Violet Keep of Menkaure") on June 24, 2023.
             The game lasted 00:25:02 (2202 turns).

Conn the Scorcher (Octopode Fire Elementalist)      Turns: 2202, Time: 00:25:03

Health: -10/67     AC:  4    Str:  7    XL:     11   Next: 10%
Magic:  33/38      EV: 15    Int: 28    God:    Sif Muna [*****.]
Gold:   177        SH:  0    Dex: 12    Spells: 14/36 levels left

rFire   . . .        e - +7 whip "Tity" {protect, Will++}
rCold   . . .        (no shield)
rNeg    . . .        i - +3 hat of Pondering {ponderous, Will+ MP+10 Int+5}
rPois   .            (no amulet)
rElec   .            (no ring)
rCorr   .            (no ring)
SInv    .            (no ring)
Will    +++..        (no ring)
Stlth   ++++         (no ring)
HPRegen 0.31/turn    (no ring)
MPRegen 0.26/turn    (no ring)
                     (no ring)

%: no teleportation
@: slow
A: almost no armour, amphibious, 8 rings, camouflage 1, gelatinous body 1,
(nimble swimmer 1), tentacles
a: Renounce Religion, Channel Magic, Forget Spell, Divine Exegesis


You were in the Dungeon.
You worshipped Sif Muna.
Sif Muna was extremely pleased with you.
You visited 1 branch You collected 1522 gold pieces.
You spent 1345 gold pieces at shops.

Inventory:

Hand Weapons
 e - the +7 whip "Tity" (weapon) {protect, Will++}
   (You bought it in a shop in the Dungeon)

   Will:      It greatly increases your willpower.
Armour
 i - the +3 hat of Pondering (worn) {ponderous, Will+ MP+10 Int+5}
   (You bought it in a shop in the Dungeon)

   Int:       It affects your intelligence (+5).
   MP:        It affects your magic capacity (+10).
   Will:      It increases your willpower.
 p - a +3 kite shield
Scrolls
 c - a scroll of amnesia
 f - 2 scrolls of blinking
 g - a scroll of vulnerability
 k - a scroll of brand weapon
 m - a scroll of immolation
Potions
 a - 6 potions of magic
 b - a potion of lignification
 d - 2 potions of curing
 h - a potion of haste
 j - a potion of mutation {unknown}
 l - 3 potions of enlightenment
 o - 2 potions of resistance
 q - a potion of brilliance
 t - 2 potions of attraction


   Skills:
 + Level 3.4 Fighting
 + Level 6.2 Dodging
 - Level 6.8 Stealth
 * Level 3.0 Shields
 + Level 4.3 Unarmed Combat
 + Level 13.2 Spellcasting
 * Level 7.6 Conjurations
 + Level 4.3 Hexes
 + Level 6.9 Summonings
 + Level 1.4 Translocations
 + Level 15.2 Fire Magic
 + Level 0.7 Earth Magic
 * Level 8.1 Invocations


You had 14 spell levels left.
You knew the following spells:

 Your Spells              Type           Power      Damage    Failure   Level
a - Foxfire               Conj/Fire      100%       2x1d9     1%          1
b - Scorch                Fire           100%       2d9       0%          2
c - Inner Flame           Hex/Fire       65%        N/A       1%          3
d - Flame Wave            Conj/Fire      70%        2d16      1%          4
e - Blink                 Tloc           52%        N/A       2%          2
f - Summon Guardian Gole  Hex/Summ       49%        N/A       1%          3
g - Call Canine Familiar  Summ           55%        N/A       1%          3
h - Summon Small Mammal   Summ           100%       N/A       1%          1
i - Stone Arrow           Conj/Erth      84%        3d12      1%          3

Your spell library contained the following spells:

 Spells                   Type           Power      Damage    Failure   Level
 Kiss of Death            Conj/Necr      100%       2d13      1%          1
 Momentum Strike          Conj/Tloc      88%        3d10      1%          2
 Searing Ray              Conj           100%       2d8       1%          2
 Ignite Poison            Fire/Tmut/Pois 46%        N/A       1%          3
 Volatile Blastmotes      Fire/Tloc      100%       2d18      1%          3
 Sandblast                Erth           44%        2d11      2%          1
 Lesser Beckoning         Tloc           52%        N/A       2%          2
 Passwall                 Tmut/Erth      16%        N/A       3%          2
 Cigotuvi's Dreadful Rot  Necr/Pois/Air  36%        N/A       4%          2
 Freezing Cloud           Conj/Ice/Air   16%        6-21      28%         5
 Conjure Ball Lightning   Conj/Air       19%        3x3d6     67%         6
 Spellforged Servitor     Conj/Summ      28%        N/A       77%         7
 Fire Storm               Conj/Fire      35%        8d9       100%        9


Dungeon Overview and Level Annotations

Branches:
Dungeon (1/1)

Altars:
Cheibriados
Dithmenos
Elyvilon
Fedhas
Gozag
Hepliaklqana
Kikubaaqudgha
Makhleb
Nemelex Xobeh
Okawaru
Qazlal
Ru
Sif Muna
Trog
Uskayaw
Vehumet
Wu Jian
Xom
Yredelemnul
Zin
The Shining One
Jiyva
Lugonu

Shops:
D ?:!!*:?[=(*![=[

Annotations:
D exclusions: obsidian statue and oklob plant, Roxanne


Innate Abilities, Weirdness & Mutations

You cannot wear most types of armour.
You are amphibious.
You can wear up to eight rings at the same time.
Your skin changes colour to match your surroundings (Stealth+).
Your rubbery body absorbs attacks. (AC +1, EV +1)
((You are camouflaged when in or above water. (Stealth+)))
You have tentacles for arms and can constrict up to eight enemies at once.


Message History

The redback bites you but does no damage.
There is an open door here.
Casting: Summon Guardian Golem (safe; 1% risk of failure)
Confirm with . or Enter, or press ? or * to list all spells.
Casting: Flame Wave (safe; 1% risk of failure)
Press: ? - help, Dir - look around, f - activate A wave of flame ripples out!
The flame wave engulfs the redback!!
The redback is severely wounded.
The flame wave engulfs the redback!!
You kill the redback!
Sif Muna accepts your kill. (Press . to intensify the flame waves.)
The redback bites you! x2
A wave of flame ripples out!
The flame wave engulfs the redback!
You kill the redback!
Sif Muna accepts your kill.
You see here Sif Muna's Annotations on Fiery Striking {god gift}.
Sif Muna grants you a gift!
Your Shields skill increases to level 3!
Unknown command.
Unknown command.
You see here a redback corpse.
You now have 177 gold pieces (gained 81).
You pick up a Trismegistus Codex and begin reading...
You add the spells Cigotuvi's Dreadful Rot, Ignite Poison and Freezing Cloud to your library.
Okay, then.
Unknown command.
You pick up Sif Muna's Annotations on Fiery Striking {god gift} and begin reading...
You add the spells Kiss of Death, Searing Ray, Conjure Ball Lightning, Spellforged Servitor and Fire Storm to your library.
There is an open door, spattered with blood here.
Okay, then.
Unknown command.
Unknown command.
You see here a swamp drake corpse.
A crystal guardian comes into view.
Found 3 potions of enlightenment.
The crystal guardian hits you!!
* * * LOW HITPOINT WARNING * * *
The crystal guardian fires a crystalline bolt at you.
The crystal bolt freezes you!!
You die...

≈≈§≈≈ ..▓ §≈§§ ▓▓+▓▓▓▓.▓ ≈8≈§
+...▓0..▓ ≈§≈ ..## #○°°▓▓▓▓▓▓▓▓▓▓
≈§≈ .^.###...▓≈§§≈≈≈≈§▓▓ +#+++##
.^.#!##=}▓▓▓▓▓▓▓▓▓▓▓ ......#
..#..#=○▓.[....).▓▓ #'##..#
#.#9.#=:▓.)[..[(.▓▓ .#.##.####
+.##@#")▓[(.[....▓▓ .#..#....#
#^.†####▓[[)..)..▓▓
#.#####..#####..##.#▓)(......▓▓
#'###.##..#..'..#..#▓...[)..(▓▓
#.##...#..#.†#..#..#▓).)..)..▓▓
.<.'###'..####..##.#▓....)..(▓▓
#.##...#....###...##▓▓▓▓▓▓▓'▓▓▓▓+
#+###.##§.....~~~~~~~~~~~~§.§.≈≈≈
...####~~.....~#'########'###.≈≈≈


You could see a crystal guardian.

Vanquished Creatures
  A kraken (D)
  A boulder beetle (D)
  2 death drakes (D)
  2 deep trolls (D)
  A merfolk siren (D)
  A yaktaur (D)
  2 polar bears (D)
  A hornet (D)
  A blink frog (D)
  2 redbacks (D)
  4 water moccasins (D)
  2 swamp drakes (D)
  4 scorpions (D)
  4 necrophages (D)
  A tentacle (D)
29 creatures vanquished.

Vanquished Creatures (others)
  A boulder beetle (D)
  A polar bear (D)
  Menkaure (D)
  A water moccasin (D)
  40 foxfires (D)
  27 tentacles (D)
71 creatures vanquished.

Grand Total: 100 creatures vanquished

Notes
Turn   | Place    | Note
-------+----------+-------------------------------------------
     0 | D        | Conn the Octopode Fire Elementalist began the quest for the
                  | Orb.
     0 | D        | Reached XP level 1. HP: 11/11 MP: 3/3
     1 | D        | Noticed a scorpion
     1 | D        | Noticed a scorpion
     8 | D        | Killed a scorpion
     9 | D        | Reached skill level 6 in Fire Magic
     9 | D        | Reached XP level 2. HP: 16/17 MP: 3/6
     9 | D        | Reached XP level 3. HP: 20/21 MP: 4/8
     9 | D        | Reached XP level 4. HP: 27/27 MP: 4/9
    13 | D        | Killed a scorpion
    14 | D        | Reached skill level 1 in Unarmed Combat
    14 | D        | Reached skill level 7 in Fire Magic
    14 | D        | Reached XP level 5. HP: 12/31 MP: 4/11
    37 | D        | Killed Menkaure
    47 | D        | Killed a water moccasin
    69 | D        | Learned a level 2 spell: Scorch
    73 | D        | Learned a level 3 spell: Inner Flame
    78 | D        | Learned a level 4 spell: Flame Wave
    95 | D        | Reached skill level 5 in Stealth
    95 | D        | Reached skill level 8 in Fire Magic
    97 | D        | Reached skill level 5 in Spellcasting
    97 | D        | Reached skill level 9 in Fire Magic
    97 | D        | Reached XP level 6. HP: 8/37 MP: 1/14
   194 | D        | Noticed a boulder beetle
   194 | D        | Noticed a boulder beetle
   197 | D        | Noticed a merfolk siren
   202 | D        | Killed a merfolk siren
   203 | D        | Reached skill level 1 in Fighting
   203 | D        | Reached skill level 5 in Dodging
   203 | D        | Reached skill level 1 in Hexes
   203 | D        | Reached skill level 11 in Fire Magic
   203 | D        | Reached XP level 7. HP: 34/43 MP: 6/17
   270 | D        | Identified Roxanne's Essays on Transmigration
   270 | D        | Noticed Roxanne
   275 | D        | Found Tudwum's Antique Armour Shop.
   276 | D        | Found Jaz Jir's Antique Armour Shop.
   276 | D        | Found Caampats's Distillery.
   276 | D        | Found Zufo's Jewellery Boutique.
   277 | D        | Noticed a blink frog
   279 | D        | Found Asmeel's Jewellery Boutique.
   279 | D        | Found Mirasmob's Antique Armour Shop.
   280 | D        | Found Hozxaf's Antique Weapon Shop.
   280 | D        | Found Xemaos's General Store.
   283 | D        | Killed a blink frog
   284 | D        | Found Xiaseihoru's Book Boutique.
   284 | D        | Found Goymnuuw's General Store.
   284 | D        | Found Ralym's Magic Scroll Boutique.
   293 | D        | Reached skill level 12 in Fire Magic
   293 | D        | Reached XP level 8. HP: 31/50 MP: 10/20
   296 | D        | Found Zoshre Niv's Distillery.
   296 | D        | Found Yruagamp's Distillery.
   296 | D        | Noticed a death yak
   296 | D        | Noticed an oklob plant
   297 | D        | Found Saluisyo's Book Shoppe.
   297 | D        | Found Jeschail's Magic Scroll Boutique.
   298 | D        | Noticed a manticore
   299 | D        | Noticed a manticore
   299 | D        | Noticed a manticore
   301 | D        | Noticed a hell hog
   302 | D        | Noticed a hell hog
   305 | D        | Bought a book of Callings for 200 gold pieces
   305 | D        | Bought a book of Spatial Translocations for 180 gold pieces
   314 | D        | Bought a potion of lignification for 33 gold pieces
   321 | D        | Bought a potion of lignification for 30 gold pieces
   326 | D        | Bought a potion of curing for 39 gold pieces
   351 | D        | Found a snail-covered altar of Cheibriados.
   351 | D        | Found a hazy altar of Hepliaklqana.
   352 | D        | Found a shadowy altar of Dithmenos.
   352 | D        | Found a viscous altar of Jiyva.
   353 | D        | Found a white marble altar of Elyvilon.
   353 | D        | Found an ancient bone altar of Kikubaaqudgha.
   353 | D        | Found a sacrificial altar of Ru.
   354 | D        | Found a blossoming altar of Fedhas.
   354 | D        | Found a corrupted altar of Lugonu.
   354 | D        | Found a shimmering blue altar of Sif Muna.
   355 | D        | Found an opulent altar of Gozag.
   355 | D        | Found a burning altar of Makhleb.
   355 | D        | Found a bloodstained altar of Trog.
   355 | D        | Found a shimmering altar of Xom.
   356 | D        | Found a sparkling altar of Nemelex Xobeh.
   356 | D        | Found a hide-covered altar of Uskayaw.
   357 | D        | Found a basalt altar of Yredelemnul.
   358 | D        | Found an iron altar of Okawaru.
   358 | D        | Found a radiant altar of Vehumet.
   358 | D        | Found a glowing silver altar of Zin.
   358 | D        | Noticed a hornet
   358 | D        | Noticed a polar bear
   359 | D        | Found a stormy altar of Qazlal.
   359 | D        | Found an ornate altar of the Wu Jian Council.
   359 | D        | Found a glowing golden altar of the Shining One.
   359 | D        | Noticed a yaktaur
   359 | D        | Noticed a polar bear
   365 | D        | Became a worshipper of Sif Muna the Loreminder
   377 | D        | Killed a polar bear
   380 | D        | Killed a yaktaur
   441 | D        | Learned a level 2 spell: Blink
   445 | D        | Learned a level 3 spell: Summon Guardian Golem
   449 | D        | Learned a level 3 spell: Call Canine Familiar
   460 | D        | Killed a hornet
   460 | D        | Reached * piety under Sif Muna
   461 | D        | Reached skill level 1 in Summonings
   461 | D        | Reached skill level 13 in Fire Magic
   461 | D        | Reached skill level 1 in Invocations
   556 | D        | Learned a level 1 spell: Summon Small Mammal
   560 | D        | Noticed a polar bear
   575 | D        | Killed a polar bear
   576 | D        | Reached skill level 10 in Spellcasting
   576 | D        | Reached XP level 9. HP: 12/55 MP: 0/23
   576 | D        | Killed a polar bear
   748 | D        | Noticed a kraken
  1161 | D        | Killed a kraken
  1161 | D        | Reached ** piety under Sif Muna
  1162 | D        | Reached skill level 5 in Conjurations
  1162 | D        | Reached skill level 1 in Translocations
  1162 | D        | Reached skill level 5 in Invocations
  1262 | D        | Reached skill level 14 in Fire Magic
  1277 | D        | Reached XP level 10. HP: 43/63 MP: 13/25
  1373 | D        | Noticed a deep troll
  1373 | D        | Noticed a deep troll
  1393 | D        | Killed a deep troll
  1393 | D        | Reached *** piety under Sif Muna
  1394 | D        | Reached skill level 5 in Summonings
  1401 | D        | Killed a deep troll
  1521 | D        | Noticed an obsidian statue
  1557 | D        | Noticed a death drake
  1570 | D        | Noticed an orange crystal statue
  1596 | D        | Reached **** piety under Sif Muna
  1729 | D        | Killed a boulder beetle
  1757 | D        | Killed a boulder beetle
  1877 | D        | Bought a polished whip for 172 gold pieces
  1877 | D        | Identified the +7 whip "Tity" {protect, Will++} (You bought
                  | it in a shop in the Dungeon)
  1885 | D        | Bought the +3 hat of Pondering {ponderous, Will+ MP+10
                  | Int+5} for 609 gold pieces
  1885 | D        | Found the +3 hat of Pondering {ponderous, Will+ MP+10
                  | Int+5}
  1903 | D        | Bought a scroll of blinking for 82 gold pieces
  1915 | D        | Upgraded the game from 0.31-a0-188-g5e087ee2ca to
                  | 0.31-a0-192-ga50d7bf3bb
  1919 | D        | Learned a level 3 spell: Stone Arrow
  1976 | D        | Noticed a death drake
  1985 | D        | Killed a death drake
  1986 | D        | Reached skill level 1 in Shields
  1986 | D        | Reached skill level 15 in Fire Magic
  1987 | D        | Killed a death drake
  1987 | D        | Reached ***** piety under Sif Muna
  1988 | D        | Reached XP level 11. HP: 24/67 MP: 3/28
  2191 | D        | Received a gift from Sif Muna
  2199 | D        | Got Sif Muna's Annotations on Fiery Striking {god gift}
  2202 | D        | Noticed a crystal guardian
  2202 | D        | Killed from afar by a crystal guardian

Illustrated notes

Levels and vault maps discovered:
D:        the_violet_keep_of_menkaure [sprint2_stairs_cluster_1,
          sprint2_shoproom, sprint2_temple, sprint2_basic_supplies,
          sprint2_obstacle_6, sprint2_obstacle_3, sprint2_obstacle_4,
          sprint2_obstacle_5, sprint2_obstacle_7, sprint2_timed_cluster_1,
          sprint2_smallroom_cluster_1, sprint2_smallroom_final_cluster_1,
          sprint2_transparent_cluster_1, sprint2_second_timed_cluster_1,
          sprint2_sniper_area_1, sprint2_heavy_combat_area_1,
          sprint2_mutation_trap_area_1, sprint2_forest_area_1,
          sprint2_light_combat_area_1, sprint2_behind_water_1,
          sprint2_near_end_vault_1]

Skill      XL: |  1  2  3  4  5  6  7  8  9 10 11 |
---------------+----------------------------------+-----
Dodging        | 3 4 5 6 |  6.2
Stealth        | 4 5 6 |  6.8
Spellcasting   | 3 4 5 7 8 10 11 13 | 13.2
Fire Magic     | 6 7 9 11 12 13 14 15 | 15.2
Unarmed Combat | 1 2 3 4 |  4.3
Fighting       | 1 2 3 |  3.4
Hexes          | 1 2 3 4 |  4.3
Conjurations   | 2 5 7 |  7.6
Summonings     | 2 4 6 |  6.9
Invocations    | 2 5 8 |  8.1
Translocations | 1 |  1.4
Shields        | 2 3 |  3.0
Earth Magic    | |  0.7

Action                     |  1- 3 |  4- 6 |  7- 9 | 10-12 || total
---------------------------+-------+-------+-------+-------++-------
  Melee: Unarmed           |     5 |    11 |       |       ||    16
         Tentacles         |     2 |     2 |       |       ||     4
         Constrict         |     1 |     3 |       |       ||     4
   Cast: Scorch            |       |     6 |    20 |    34 ||    60
         Foxfire           |       |     2 |    20 |     5 ||    27
         Inner Flame       |       |     2 |     8 |     6 ||    16
         Summon Guardian G |       |       |     4 |     7 ||    11
         Flame Wave        |       |       |     3 |     4 ||     7
         Call Canine Famil |       |       |     3 |     2 ||     5
         Blink             |       |       |     1 |     1 ||     2
         Summon Small Mamm |       |       |     3 |     5 ||     8
         Stone Arrow       |       |       |       |     1 ||     1
 Invoke: Channel Magic     |       |       |       |     1 ||     1
    Use: Potion            |     2 |     1 |     4 |     1 ||     8
         Scroll            |       |       |    10 |       ||    10
 Armour: Skin              |       |     1 |    11 |     2 ||    14
  Dodge: Dodged            |     1 |     9 |     9 |     8 ||    27

Table legend: (Time is in decaauts)
 A = Elapsed time spent in this place.
 B = Non-inter-level travel time spent in this place.
 C = Inter-level travel time spent in this place.
 D = Time resting spent in this place.
 E = Time spent auto-exploring this place.
 F = Levels seen in this place.
 G = Mean time per level.
                   A        B        C        D        E       F      G
               +--------+--------+--------+--------+--------+-----+--------+
         Total |   2211 |   2211 |      0 |   1198 |      0 |   1 | 2211.0 |
       Dungeon |   2211 |   2211 |      0 |   1198 |      0 |   1 | 2211.0 |
               +--------+--------+--------+--------+--------+-----+--------+

Top non-repeatable levels by time:
       D: 2211 daAuts
